 Dungeon Sprint DCSS version 0.23.0 (webtiles) character file.

Game seed: 6953762147621654744

81492 Kairos the Executioner (level 16, -4/150 HPs)
             Began as a Formicid Fighter on Feb 12, 2019.
             Was the Champion of Okawaru.
             Shot with an arrow by a deep elf master archer (22 damage)
             ... in the Dungeon (Sprint V: "Ziggurat Sprint").
             The game lasted 00:30:26 (3390 turns).

Kairos the Executioner (Formicid Fighter)           Turns: 3390, Time: 00:30:27

Health: -4/150     AC: 44    Str: 21    XL:     16   Next: 18%
Magic:  20/26      EV: 10    Int: 10    God:    Okawaru [******]
Gold:   0          SH: 36    Dex: 12    Spells: 17/17 levels left

rFire    . . .     SeeInvis +   S - +7 sceptre of Torment {pain, torment}
rCold    . . .     Gourm    .   I - +18 shield of the Gong {rElec rN+ MR+ EV-5}
rNeg     + + .     Faith    .   H - +15 Maxwell's patent armour {-Cast -Tele rElec MR+ rCorr}
rPois    .         Spirit   .   (helmet unavailable)
rElec    +         Reflect  .   h - +2 cloak of the Thief {+Fog Slay-2 SInv Stlth+}
rCorr    +         Harm     .   Q - +0 pair of gloves {archery}
MR       +++..     NoCast   +   X - +1 pair of boots {run}
Stlth    +.........             (no amulet)
HPRegen  0.35/turn              L - ring of Limitation {rN+ Str-5 Dex+2 Slay+5}
MPRegen  0.20/turn              j - ring "Imibug" {EV+4 Slay+3}

@: heroism, finesse, studying 3 skills, quick
A: permanent stasis, dig shafts and tunnels, four strong arms, antennae 3
a: Dig, Heroism, Finesse, Renounce Religion, Evoke Fog


You were in the Dungeon.
You worshipped Okawaru.
Okawaru was exalted by your worship.
You were not hungry.

You visited 1 branch

Inventory:

Hand Weapons
 o - a +5 executioner's axe of chopping
 D - the +6 Majin-Bo {vamp, Archmagi MP+6 Int+6}
   (You found it in the Dungeon)

   It inflicts no extra harm, but heals its wielder when it wounds a living foe.
   It affects your intelligence (+6).
   It affects your magic capacity (+6).
 E - the +10 dark maul {crush}
   (You found it in the Dungeon)

   It inflicts extra damage upon your enemies.
 F - the +9 heavy crossbow "Sniper" {velocity, Acc+∞ SInv}
   (You found it in the Dungeon)

   Any bolt fired from it inflicts extra damage.
   It lets you see invisible.
 G - the +14 obsidian axe {chop, +Fly SInv *Curse}
   (You found it in the Dungeon)

   It inflicts extra damage upon your enemies.
   It lets you see invisible.
   It lets you fly.
   It curses itself when equipped.
 J - the +7 great mace "Firestarter" {inner flame, rF++}
   (You found it in the Dungeon)

   It has been specially enchanted to burn those struck by it, causing extra
   injury to most foes and up to half again as much damage against particularly
   susceptible opponents.
   It greatly protects you from fire.
 K - the +8 lance "Wyrmbane" {slay drac, rPois rF+ rC+ AC+3}
   (You found it in the Dungeon)

   It affects your AC (+3).
   It protects you from fire.
   It protects you from cold.
   It protects you from poison.
 S - the +7 sceptre of Torment (weapon) {pain, torment}
   (You found it in the Dungeon)

   In the hands of one skilled in necromantic magic, it inflicts extra damage on
   living creatures.
Armour
 h - the +2 cloak of the Thief (worn) {+Fog Slay-2 SInv Stlth+}
   (You found it in the Dungeon)

   It affects your accuracy and damage with ranged weapons and melee attacks
   (-2).
   It lets you see invisible.
   It makes you more stealthy.
 m - +5 gold dragon scales
 n - +5 shadow dragon scales
 r - a +0 large shield of protection
 H - the +15 Maxwell's patent armour (worn) {-Cast -Tele rElec MR+ rCorr}
   (You found it in the Dungeon)

   It insulates you from electricity.
   It affects your resistance to hostile enchantments.
   It prevents spellcasting.
   It prevents most forms of teleportation.
   It provides partial protection from all sources of acid and corrosion.
 I - the +18 shield of the Gong (worn) {rElec rN+ MR+ EV-5}
   (You found it in the Dungeon)

   It affects your evasion (-5).
   It insulates you from electricity.
   It protects you from negative energy.
   It affects your resistance to hostile enchantments.
 Q - a +0 pair of gloves of archery (worn)
 X - a +1 pair of boots of running (worn)
Jewellery
 j - the ring "Imibug" (right hand) {EV+4 Slay+3}
   (You found it in the Dungeon)

   [ring of evasion]

   It affects your evasion (+4).
   It affects your accuracy and damage with ranged weapons and melee attacks
   (+3).
 k - a +6 ring of intelligence
 L - the ring of Limitation (left hand) {rN+ Str-5 Dex+2 Slay+5}
   (You found it in the Dungeon)

   [ring of positive energy]

   It affects your strength (-5).
   It affects your dexterity (+2).
   It affects your accuracy and damage with ranged weapons and melee attacks
   (+5).
   It protects you from negative energy.
 M - an uncursed ring of positive energy
 N - an uncursed ring of positive energy
 O - the ring of Heppur {+Fly rF+ MR+}
   (You found it in the Dungeon)

   [ring of protection from magic]

   It protects you from fire.
   It affects your resistance to hostile enchantments.
   It lets you fly.
 R - the ring "Geadut" {rElec rPois rF+ SInv Stlth-}
   (You found it in the Dungeon)

   [ring of see invisible]

   It protects you from fire.
   It insulates you from electricity.
   It protects you from poison.
   It lets you see invisible.
   It makes you less stealthy.
 V - an uncursed ring of protection from cold
 W - the ring of Bodily Harmony {rCorr rPois rF- Str+4 Int+6}
   (You found it in the Dungeon)

   [ring of resist corrosion]

   It affects your strength (+4).
   It affects your intelligence (+6).
   It makes you vulnerable to fire.
   It protects you from poison.
 Z - the ring of Funan {Wiz rElec Str+3 Dex+2}
   (You found it in the Dungeon)

   [ring of wizardry]

   It improves your spell success rate.
   It affects your strength (+3).
   It affects your dexterity (+2).
   It insulates you from electricity.
Wands
 a - a wand of disintegration (7)
 b - a wand of iceblast (7)
 c - a wand of acid (7)
Scrolls
 l - 4 scrolls of brand weapon
 p - 4 scrolls of amnesia
 q - 7 scrolls of fog
 s - 5 scrolls of identify
 t - 4 scrolls of remove curse
 u - 2 scrolls of fear
 B - 4 scrolls of enchant weapon
 C - 4 scrolls of enchant armour
Potions
 d - 6 potions of might
 e - 8 potions of curing
 g - 8 potions of heal wounds
 i - 7 potions of magic
 v - 2 potions of brilliance
 w - 2 potions of invisibility
 x - 4 potions of resistance
 A - 6 potions of agility
Books
 z - a manual of Hexes
 U - a manual of Throwing
 Y - a manual of Armour
Miscellaneous
 y - a fan of gales
 P - 8 boxes of beasts
 T - 3 phantom mirrors
Comestibles
 f - 6 rations


   Skills:
 + Level 20.7(25.7) Fighting
 * Level 23.5(27) Axes
 + Level 11.7(24.0) Maces & Flails
 + Level 1.0(6.0) Crossbows
 + Level 17.4(22.4) Armour
 + Level 2.2(7.2) Dodging
 + Level 6.0(11.0) Stealth
 - Level 22.6(27) Shields
 - Level 1.0 Spellcasting
 * Level 13.3 Invocations
 + Level 1.2 Evocations


You had 17 spell levels left.
You didn't know any spells.
Your spell library contained the following spells:

 Spells                   Type           Power        Failure   Level  Hunger
 Animate Skeleton         Necr           N/A          89%         1    ##.....
 Beastly Appendage        Tmut           #.....       89%         1    ##.....
 Flame Tongue             Conj/Fire      #....        89%         1    ##.....
 Infusion                 Chrm           #...         89%         1    ##.....
 Magic Dart               Conj           #...         89%         1    ##.....
 Pain                     Necr           #...         89%         1    ##.....
 Shock                    Conj/Air       #...         89%         1    ##.....
 Sting                    Conj/Pois      #...         89%         1    ##.....
 Call Imp                 Summ           #.......     96%         2    ###....
 Corpse Rot               Necr           N/A          96%         2    ###....
 Ensorcelled Hibernation  Hex/Ice        #.....       96%         2    ###....
 Passwall                 Tmut/Erth      #.......     96%         2    ###....
 Poisonous Vapours        Pois/Air       #.....       96%         2    ###....
 Slow                     Hex            #.......     96%         2    ###....
 Song of Slaying          Chrm           #.......     96%         2    ###....
 Swiftness                Chrm/Air       #.......     96%         2    ###....
 Throw Flame              Conj/Fire      #.....       96%         2    ###....
 Conjure Flame            Conj/Fire      #.......     99%         3    ####...
 Ignite Poison            Fire/Tmut/Pois #.......     99%         3    ####...
 Inner Flame              Hex/Fire       #.......     99%         3    ####...
 Mephitic Cloud           Conj/Pois/Air  #.......     99%         3    ####...
 Recall                   Summ/Tloc      N/A          99%         3    ####...
 Regeneration             Chrm/Necr      #.........   99%         3    ####...
 Static Discharge         Conj/Air       #.......     99%         3    ####...
 Stone Arrow              Conj/Erth      #.....       99%         3    ####...
 Vampiric Draining        Necr           #.........   99%         3    ####...
 Animate Dead             Necr           N/A          100%        4    #####..
 Force Lance              Conj/Tloc      #.......     100%        4    #####..
 Iskenderun's Mystic Bla  Conj           #.......     100%        4    #####..
 Leda's Liquefaction      Hex/Erth       #.........   100%        4    #####..
 Olgreb's Toxic Radiance  Pois           #.......     100%        4    #####..
 Passage of Golubria      Tloc           N/A          100%        4    #####..
 Sticky Flame             Conj/Fire      #.......     100%        4    #####..
 Summon Lightning Spire   Summ/Air       #.......     100%        4    #####..
 Throw Icicle             Conj/Ice       #.......     100%        4    #####..
 Alistair's Intoxication  Tmut/Pois      #.......     100%        5    ######.
 Aura of Abjuration       Summ           #.........   100%        5    ######.
 Bolt of Draining         Conj/Necr      #.........   100%        5    ######.
 Bolt of Magma            Conj/Fire/Erth #.........   100%        5    ######.
 Borgnjor's Vile Clutch   Necr/Erth      #.........   100%        5    ######.
 Fireball                 Conj/Fire      #.........   100%        5    ######.
 Iskenderun's Battlesphe  Conj/Chrm      #.......     100%        5    ######.
 Lee's Rapid Deconstruct  Erth           #.........   100%        5    ######.
 Metabolic Englaciation   Hex/Ice        #.........   100%        5    ######.
 Silence                  Hex/Air        #.........   100%        5    ######.
 Summon Demon             Summ           #.........   100%        5    ######.
 Summon Forest            Summ/Tloc      #.........   100%        5    ######.
 Summon Mana Viper        Hex/Summ       #.......     100%        5    ######.
 Venom Bolt               Conj/Pois      #.........   100%        5    ######.
 Conjure Ball Lightning   Conj/Air       #.........   100%        6    #######
 Darkness                 Hex            #.........   100%        6    #######
 Death Channel            Necr           #.........   100%        6    #######
 Deflect Missiles         Chrm/Air       #.........   100%        6    #######
 Freezing Cloud           Conj/Ice/Air   #.........   100%        6    #######
 Hydra Form               Tmut           #.........   100%        6    #######
 Invisibility             Hex            #.......     100%        6    #######
 Iron Shot                Conj/Erth      #.........   100%        6    #######
 Ozocubu's Refrigeration  Ice            #.........   100%        6    #######
 Shadow Creatures         Summ           N/A          100%        6    #######
 Simulacrum               Ice/Necr       #.........   100%        6    #######
 Statue Form              Tmut/Erth      #........    100%        6    #######
 Malign Gateway           Summ/Tloc      #.........   100%        7    #######
 Monstrous Menagerie      Summ           #.........   100%        7    #######
 Orb of Destruction       Conj           #.........   100%        7    #######
 Ring of Flames           Chrm/Fire      #.........   100%        7    #######
 Spellforged Servitor     Conj/Summ      #.........   100%        7    #######
 Summon Greater Demon     Summ           #.........   100%        7    #######
 Summon Hydra             Summ           #.........   100%        7    #######
 Summon Horrible Things   Summ           #.........   100%        8    #######
 Tornado                  Air            #.........   100%        9    #######
 Blink                    Tloc           Unusable     N/A         2    N/A
 Controlled Blink         Tloc           Unusable     N/A         8    N/A

Dungeon Overview and Level Annotations

Branches:
Dungeon (1/1)

Altars:
Ashenzari
Cheibriados
Dithmenos
Elyvilon
Fedhas
Gozag
Hepliaklqana
Kikubaaqudgha
Makhleb
Nemelex Xobeh
Okawaru
Qazlal
Ru
Sif Muna
Trog
Uskayaw
Vehumet
Wu Jian
Xom
Yredelemnul
Zin
The Shining One
Beogh
Jiyva
Lugonu


Innate Abilities, Weirdness & Mutations

You cannot be hasted, slowed, berserked, paralysed or teleported.
You can dig through walls and to a lower floor.
Your four strong arms can wield two-handed weapons with a shield.
You have a pair of large antennae on your head. (SInv)


Message History

The deep elf master archer shoots an arrow.
PANG!
You block the arrow.
The deep elf high priest invokes the aid of its god against you.
Something smites you!
* * * LOW HITPOINT WARNING * * *
The deep elf high priest utters a dark prayer and points at you.
Your life force is offered up.
* * * LOW HITPOINT WARNING * * *
The deep elf high priest is healed.
The deep elf mage is healed.
The deep elf high priest is healed.
The deep elf annihilator is healed.
The deep elf mage is healed.
The deep elf annihilator is healed.
The deep elf master archer is healed. x2
You block the deep elf annihilator's attack.
GONNNNG!
The deep elf mage gestures wildly while chanting.
The deep elf mage blinks!
The deep elf master archer shoots an arrow.
The arrow hits you!!
You die...

......ee..▓.............
....E.....▓..[÷.........
.........e.▓÷÷÷..........
.......E.Ee...▓..▓.......▓..
.....E......e§▓..[..........
.........{{e.▓.............
▓.....{.▓{ee▓......©...... .
▓▓.....▓▓▓e.▓▓▓▓▓▓▓▓▓▓▓▓▓▓
...▓.......▓@ex▓.....8©8.....
..........X)e..▓.=)[=.|.|})).
.......©.......▓..}}..}=..)..
▓▓▓▓▓▓▓▓▓▓▓▓▓▓▓▓.............
▓.......=.....


{{{{{{{{{{ ▓......)[..... {{{{{{{{{{{ ▓.[........... {{{{{{{ ▓.[[÷.........
▓[[▓.......▓.. You could see 2 deep elf master archers, 2 deep elf annihilators,
2 deep elf high priests, a large abomination, 2 deep elf magi and a crawling
corpse.

Vanquished Creatures
  3 deep elf blademasters (D)
  A deep elf master archer (D)
  A tentacled starspawn (D)
  A death cob (D)
  A draconian monk (D)
  A deep elf sorcerer (D)
  A frost giant (D)
  3 vampire knights (D)
  3 black draconians (D)
  2 green draconians (D)
  2 deep elf annihilators (D)
  A purple draconian (D)
  2 red draconians (D)
  2 white draconians (D)
  A yellow draconian (D)
  2 mummy priests (D)
  4 fire dragons (D)
  6 hydras (D)
  7 ice dragons (D)
  A death scarab (D)
  2 vampire magi (D)
  A dancing weapon (D)
  3 skeletal warriors (D)
  4 death drakes (D)
  An unseen horror (shapeshifter) (D)
  2 deep elf archers (D)
  5 swamp dragons (D)
  2 necromancers (D)
  2 deep elf magi (D)
  A salamander (shapeshifter) (D)
  An ugly thing (D)
  4 toenail golems (D)
  2 draconians (D)
  3 black mambas (D)
  A spiny frog (shapeshifter) (D)
  5 rime drakes (D)
  2 komodo dragons (shapeshifter) (D)
  5 komodo dragons (D)
  An ice devil (D)
  A jumping spider (shapeshifter) (D)
  4 guardian mummies (D)
  A dream sheep (D)
  A polar bear (D)
  2 blink frogs (D)
  A flying skull (D)
  2 vampires (D)
  3 air elementals (D)
  A yak (D)
  An ushabti (D)
  2 shadows (D)
  A yak (shapeshifter) (D)
  A basilisk (D)
  A human (shapeshifter) (D)
  A steam dragon (D)
  8 acid dragons (D)
  A hell hound (D)
  3 porcupines (D)
  2 swamp drakes (D)
  An ice beast (D)
  3 black bears (D)
  5 orc warriors (D)
  2 wolves (D)
  2 crocodiles (D)
  4 bullfrogs (D)
  A wight (D)
  2 quasits (D)
  5 orc priests (D)
  2 orc wizards (D)
  An iguana (D)
  3 mummies (D)
  A river rat (D)
  3 white imps (D)
  An adder zombie (D)
  2 adder skeletons (D)
  4 orcs (D)
  2 bat skeletons (D)
  2 bat zombies (D)
  A ball python skeleton (D)
  A bat simulacrum (D)
  A giant cockroach zombie (D)
  A jackal zombie (D)
  A quokka skeleton (D)
180 creatures vanquished.

Vanquished Creatures (collateral kills)
  A greater mummy (D)
  A very ugly thing (D)
  A red draconian (D)
  A spark wasp (shapeshifter) (D)
  A freezing wraith (D)
  A hornet (D)
  2 spriggans (D)
  A yak (D)
  A hell hound (D)
  An acid dragon (D)
  An ice beast (D)
  2 wolves (D)
  A quasit (D)
  An orc wizard (D)
  A mummy (D)
  2 white imps (D)
  A leopard gecko zombie (D)
20 creatures vanquished.

Vanquished Creatures (others)
  2 insubstantial wisps (D)
  A white imp (D)
  2 starspawn tentacles (D)
5 creatures vanquished.

Grand Total: 205 creatures vanquished

Notes
Turn   | Place    | Note
-------+----------+-------------------------------------------
     0 | D        | Found the +6 Majin-Bo {vamp, Archmagi MP+6 Int+6}
     0 | D        | Found the +7 great mace "Firestarter" {inner flame, rF++}
     0 | D        | Kairos the Formicid Fighter began the quest for the Orb.
     0 | D        | Reached XP level 1. HP: 18/18 MP: 1/1
     3 | D        | Found a blossoming altar of Fedhas.
     4 | D        | Found a viscous altar of Jiyva.
     4 | D        | Found a hazy altar of Hepliaklqana.
     4 | D        | Found a transporter.
     4 | D        | Found an opulent altar of Gozag.
     4 | D        | Found an ancient bone altar of Kikubaaqudgha.
     4 | D        | Found a corrupted altar of Lugonu.
    11 | D        | Found a burning altar of Makhleb.
    13 | D        | Found a sacrificial altar of Ru.
    13 | D        | Found a stormy altar of Qazlal.
    13 | D        | Found a deep blue altar of Sif Muna.
    13 | D        | Found an iron altar of Okawaru.
    13 | D        | Found a bloodstained altar of Trog.
    13 | D        | Found a sparkling altar of Nemelex Xobeh.
    46 | D        | Found the +9 heavy crossbow "Sniper" {velocity, Acc+∞ SInv}
    46 | D        | Found the +10 dark maul {crush}
    46 | D        | Found the +15 Maxwell's patent armour {-Cast -Tele rElec
                  | MR+ rCorr}
    46 | D        | Found the +18 shield of the Gong {rElec rN+ MR+ EV-5}
    46 | D        | Found the cursed +14 obsidian axe {chop, +Fly SInv *Curse}
    48 | D        | Found the +6 shillelagh "Devastator" {shatter}
    48 | D        | Found the +11 plutonium sword {*Contam Stlth-}
    48 | D        | Found the +8 lance "Wyrmbane" {slay drac, rPois rF+ rC+
                  | AC+3}
    48 | D        | Found the +9 sword of Zonguldrok {reap}
    48 | D        | Found the cursed +13 scythe of Curses {drain, *Curse}
    48 | D        | Found the +0 sword of Power
    48 | D        | Found the +7 mace of Variability {chain chaos}
    48 | D        | Found the +7 Singing Sword {slice, sonic wave}
    48 | D        | Found the +7 longbow "Piercer" {penet, EV-2}
   173 | D        | Became a worshipper of Warmaster Okawaru
   209 | D        | Entered arena 2.
   209 | D        | Noticed a draconian
   209 | D        | Noticed a draconian
   209 | D        | Found a transporter.
   214 | D        | Killed a draconian
   214 | D        | Reached * piety under Okawaru
   214 | D        | Reached ** piety under Okawaru
   214 | D        | Reached skill level 5 in Axes
   214 | D        | Reached XP level 2. HP: 33/33 MP: 2/2
   214 | D        | Reached XP level 3. HP: 38/38 MP: 3/3
   214 | D        | Reached XP level 4. HP: 45/45 MP: 4/4
   214 | D        | Reached XP level 5. HP: 50/50 MP: 5/5
   214 | D        | Reached XP level 6. HP: 57/57 MP: 6/6
   215 | D        | Killed a draconian
   215 | D        | Reached *** piety under Okawaru
   215 | D        | Reached **** piety under Okawaru
   215 | D        | Reached skill level 6 in Axes
   215 | D        | Reached skill level 10 in Armour
   215 | D        | Reached XP level 7. HP: 65/65 MP: 7/7
   215 | D        | Reached XP level 8. HP: 72/72 MP: 8/8
   219 | D        | Got the ring of Heppur {+Fly rF+ MR+}
   224 | D        | Entered arena 3.
   224 | D        | Found a transporter.
   235 | D        | Entered arena 4.
   235 | D        | Noticed an air elemental
   235 | D        | Noticed an air elemental
   235 | D        | Found a transporter.
   239 | D        | Killed an air elemental
   239 | D        | Reached skill level 10 in Fighting
   239 | D        | Reached skill level 7 in Axes
   241 | D        | Killed an air elemental
   420 | D        | Entered arena 5.
   420 | D        | Noticed a toenail golem
   420 | D        | Noticed a toenail golem
   420 | D        | Noticed a toenail golem
   420 | D        | Noticed a toenail golem
   420 | D        | Found a transporter.
   426 | D        | Killed a toenail golem
   426 | D        | Reached skill level 8 in Axes
   426 | D        | Reached XP level 9. HP: 78/79 MP: 9/9
   431 | D        | Killed a toenail golem
   431 | D        | Reached ***** piety under Okawaru
   431 | D        | Reached skill level 9 in Axes
   434 | D        | Killed a toenail golem
   434 | D        | Reached skill level 10 in Axes
   435 | D        | Killed a toenail golem
   447 | D        | Entered arena 6.
   447 | D        | Noticed a tentacled starspawn
   447 | D        | Found a transporter.
   454 | D        | Killed a tentacled starspawn
   454 | D        | Received a gift from Okawaru
   454 | D        | Reached skill level 12 in Axes
   454 | D        | Reached XP level 10. HP: 88/90 MP: 10/10
   484 | D        | Got the Catalogue of the Puffin
   489 | D        | Entered arena 7.
   490 | D        | Found a transporter.
   503 | D        | Got the ring "Geadut" {rElec rPois rF+ SInv Stlth-}
   506 | D        | Entered arena 8.
   507 | D        | Found the +7 sceptre of Torment {pain, torment}
   507 | D        | Found a transporter.
   513 | D        | Reached skill level 13 in Axes
   537 | D        | Entered arena 9.
   537 | D        | Noticed a spriggan rider
   538 | D        | Found a transporter.
   540 | D        | Reached skill level 15 in Shields
   547 | D        | Received a gift from Okawaru
   561 | D        | Got the Volume of Confrontation
   571 | D        | Entered arena 10.
   572 | D        | Found a transporter.
   578 | D        | Reached XP level 11. HP: 61/96 MP: 11/11
   714 | D        | Entered arena 11.
   715 | D        | Found a transporter.
   748 | D        | Entered arena 12.
   748 | D        | Noticed a frost giant
   748 | D        | Noticed an ice dragon
   748 | D        | Noticed an ice dragon
   749 | D        | Noticed an ice dragon
   752 | D        | Found a transporter.
   754 | D        | Reached skill level 14 in Axes
   756 | D        | Killed a frost giant
   761 | D        | Killed an ice dragon
   761 | D        | Reached skill level 15 in Axes
   767 | D        | Killed an ice dragon
   767 | D        | Reached skill level 1 in Invocations
   771 | D        | Killed an ice dragon
   914 | D        | Identified a +1 pair of boots of running (You found it in
                  | the Dungeon)
   925 | D        | Got the ring of Funan {Wiz rElec Str+3 Dex+2}
   937 | D        | Reached skill level 1 in Maces & Flails
   937 | D        | Reached skill level 1 in Crossbows
   937 | D        | Reached skill level 1 in Dodging
   937 | D        | Reached skill level 1 in Stealth
   937 | D        | Reached skill level 1 in Spellcasting
   937 | D        | Reached skill level 1 in Evocations
   938 | D        | Reached XP level 12. HP: 62/106 MP: 11/13
  1107 | D        | Entered arena 13.
  1107 | D        | Noticed a deep troll
  1107 | D        | Noticed an unseen horror
  1107 | D        | Noticed a green very ugly thing
  1107 | D        | Noticed a sea snake
  1107 | D        | a deep troll changed into a sea snake
  1107 | D        | Noticed a sea snake
  1108 | D        | Noticed a great orb of eyes
  1108 | D        | Noticed a two-headed ogre
  1108 | D        | a sea snake changed into a two-headed ogre
  1109 | D        | a great orb of eyes changed into a tyrant leech
  1109 | D        | Noticed a death drake
  1109 | D        | a sea snake changed into a death drake
  1110 | D        | Found a transporter.
  1110 | D        | Noticed a shock serpent
  1110 | D        | a two-headed ogre changed into a shock serpent
  1111 | D        | Killed an unseen horror
  1111 | D        | Reached ****** piety under Okawaru
  1112 | D        | a shock serpent changed into a torpor snail
  1113 | D        | a death drake changed into a komodo dragon
  1114 | D        | Reached skill level 16 in Axes
  1116 | D        | Reached XP level 13. HP: 101/113 MP: 14/14
  1118 | D        | Killed a purple very ugly thing
  1119 | D        | Noticed a spark wasp
  1119 | D        | a tyrant leech changed into a spark wasp
  1128 | D        | Killed a spark wasp
  1301 | D        | Entered arena 14.
  1301 | D        | Noticed a vampire knight
  1301 | D        | Noticed a vampire knight
  1303 | D        | Identified the ring "Byes" {+Inv rPois}
  1304 | D        | Reached skill level 17 in Axes
  1305 | D        | Identified the +3 short sword "Roucruhe" {venom, rF- rC+
                  | Int+3}
  1307 | D        | Noticed a vampire knight
  1310 | D        | Killed a vampire knight
  1314 | D        | Reached skill level 15 in Fighting
  1314 | D        | Reached skill level 15 in Armour
  1316 | D        | Killed a vampire knight
  1323 | D        | Killed a vampire knight
  1323 | D        | Reached skill level 18 in Axes
  1324 | D        | Found a transporter.
  1570 | D        | Entered arena 15.
  1571 | D        | Noticed a mummy priest
  1571 | D        | Noticed a mummy priest
  1572 | D        | Found the +8 whip "Snakebite" {curare, rPois}
  1576 | D        | Identified the amulet of Finality {Harm *Drain MR+}
  1576 | D        | Noticed a greater mummy
  1585 | D        | Received a gift from Okawaru
  1590 | D        | Killed a mummy priest
  1590 | D        | Noticed a reaper
  1596 | D        | Killed a mummy priest
  1596 | D        | Noticed a reaper
  1598 | D        | Killed a greater mummy
  1598 | D        | Received a gift from Okawaru
  1598 | D        | Reached skill level 19 in Axes
  1598 | D        | Reached XP level 14. HP: 47/126 MP: 16/16
  1609 | D        | Found a transporter.
  1627 | D        | Got the Grimoire of Damaging Augmentations
  2017 | D        | Entered arena 16.
  2021 | D        | Noticed a death cob
  2021 | D        | Noticed a black draconian
  2021 | D        | Noticed a red draconian
  2021 | D        | Noticed a black draconian
  2021 | D        | Noticed a red draconian
  2021 | D        | Noticed a red draconian
  2021 | D        | Noticed a yellow draconian
  2021 | D        | Noticed a green draconian monk
  2021 | D        | Noticed a white draconian
  2022 | D        | Identified the +9 quarterstaff of Peiwn {freeze, *Drain rF+
                  | Dex+3}
  2023 | D        | Noticed a white draconian
  2023 | D        | Identified the +7 flail "Zeocanke" {crush, rN+ Dex+5}
  2023 | D        | Noticed a purple draconian
  2023 | D        | Noticed a green draconian
  2024 | D        | Noticed a black draconian
  2025 | D        | Noticed a green draconian
  2033 | D        | Killed a death cob
  2037 | D        | Killed a red draconian
  2040 | D        | Killed a black draconian
  2044 | D        | Killed a green draconian monk
  2045 | D        | Killed a black draconian
  2047 | D        | Killed a red draconian
  2047 | D        | Reached skill level 5 in Invocations
  2048 | D        | Killed a purple draconian
  2057 | D        | Killed a green draconian
  2057 | D        | Reached skill level 20 in Axes
  2060 | D        | Killed a white draconian
  2061 | D        | Killed a black draconian
  2066 | D        | Found the +4 moon troll leather armour {Spirit, Regen++
                  | MP+5}
  2071 | D        | Killed a white draconian
  2072 | D        | Killed a green draconian
  2072 | D        | Received a gift from Okawaru
  2078 | D        | Killed a yellow draconian
  2083 | D        | Killed a red draconian
  2084 | D        | Found a transporter.
  2114 | D        | Got the ring of Bodily Harmony {rCorr rPois rF- Str+4
                  | Int+6}
  2384 | D        | Entered arena 17.
  2419 | D        | Found a transporter.
  2442 | D        | Got the Guide on Warped Combat Magic
  2445 | D        | Got the Handbook of Virous Transmigration
  2448 | D        | Got Gomur's Compendium of Indecent Exposure
  2479 | D        | Entered arena 18.
  2501 | D        | Reached skill level 21 in Axes
  2501 | D        | Reached XP level 15. HP: 103/137 MP: 13/20
  2524 | D        | Found a transporter.
  2527 | D        | Received a gift from Okawaru
  2538 | D        | Found the +2 shield of Resistance {rF+ rC+ MR+}
  2594 | D        | Got the ring "Imibug" {EV+4 Slay+3}
  2770 | D        | Entered arena 19.
  2790 | D        | Reached skill level 22 in Axes
  2797 | D        | Reached skill level 10 in Invocations
  2802 | D        | Reached skill level 5 in Stealth
  2826 | D        | Found a transporter.
  3061 | D        | Entered arena 20.
  3176 | D        | Found the +8 demon blade "Leech" {vamp, rN+ AC-3 EV-3}
  3176 | D        | Found the +2 cloak of the Thief {+Fog Slay-2 SInv Stlth+}
  3216 | D        | Reached skill level 23 in Axes
  3241 | D        | Found a transporter.
  3310 | D        | Got the ring of Limitation {rN+ Str-5 Dex+2 Slay+5}
  3332 | D        | Entered arena 21.
  3354 | D        | Noticed a deep elf blademaster
  3354 | D        | Noticed a deep elf master archer
  3355 | D        | Identified the +0 buckler of Cem Ryhaph {rElec}
  3355 | D        | Identified the ring "Hidugren" {rC+ MR+ Dex+4}
  3355 | D        | Noticed a deep elf sorcerer
  3355 | D        | Identified the +9 flail of the Shining Light {freeze, +Rage
                  | rElec Int-2 Dex+5}
  3355 | D        | Noticed a deep elf master archer
  3355 | D        | Noticed a deep elf blademaster
  3355 | D        | Noticed a deep elf master archer
  3359 | D        | Noticed a deep elf blademaster
  3361 | D        | Killed a deep elf blademaster
  3369 | D        | Killed a deep elf blademaster
  3371 | D        | Received a gift from Okawaru
  3374 | D        | Killed a deep elf master archer
  3374 | D        | Reached XP level 16. HP: 111/150 MP: 18/25
  3380 | D        | Killed a deep elf blademaster
  3380 | D        | Reached skill level 10 in Maces & Flails
  3385 | D        | Killed a deep elf sorcerer
  3390 | D        | Shot with an arrow by a deep elf master archer

Skill      XL: |  1  2  3  4  5  6  7  8  9 10 11 12 13 14 15 16 |
---------------+-------------------------------------------------+-----
Fighting       | 8 9 10 12 13 14 16 18 20 | 20.7
Axes           | 5 6 8 12 13 15 16 19 21 23 | 23.5
Armour         | 8 10 11 12 13 14 16 17 | 17.4
Shields        | 9 11 12 14 15 17 20 22 | 22.6
Invocations    | 1 2 3 7 12 13 | 13.3
Maces & Flails | 1 9 11 | 11.7
Crossbows      | 1 |  1.0
Dodging        | 1 2 |  2.2
Stealth        | 1 3 4 6 |  6.0
Spellcasting   | 1 |  1.0
Evocations     | 1 |  1.2

Action                   |  1- 3 |  4- 6 |  7- 9 | 10-12 | 13-15 | 16-18 || total
-------------------------+-------+-------+-------+-------+-------+-------++-------
Melee: Broad axe         |     4 |     1 |    26 |    62 |   208 |       ||   301
       Eveningstar       |       |       |       |       |    66 |    10 ||    76
Invok: Heroism           |       |       |       |     1 |     8 |       ||     9
       Finesse           |       |       |       |       |     5 |       ||     5
  Use: Potion            |       |       |       |     2 |     6 |     1 ||     9
       Scroll            |       |       |       |       |     3 |       ||     3
 Stab: Distracted        |       |       |       |       |     3 |       ||     3
  Eat: Ration            |       |       |       |       |     2 |       ||     2
       Chunk             |       |       |       |       |     3 |       ||     3
Armor: Plate armour      |     1 |     1 |    11 |    27 |    61 |     3 ||   104
Dodge: Dodged            |     1 |       |     2 |     7 |    17 |       ||    27
Block: Shield            |     9 |       |    38 |   113 |   272 |     6 ||   438
